cohdb
Replays
Latest Replays
All Replays
Popular Replays
Top Player Replays
Match Explorer
How It Works
Community
CoH3 Stats
Reddit
Sign in to upload your games and track your stats! →
Sign in with Steam
Match 46978018
Unlisted
Match 46978018
Overview
Messages
Build Orders
End
Panzerpioneer Squad
Kradschützen Motorcycle Team
Selects Panzerjäger Kommand Battlegroup
Selects Mine Fields
Construct Light Support Kompanie
MG34 Team
MG34 Team
2.5-tonne Medical Truck
Panzerjäger Squad
Fire Support Elements
Selects Defensive Positions
Forward Retreat Point
Flakvierling Half-track
Vehicle Survival Package
Tungsten Core Ammunition
Construct Panzerarmee Kommand
Armored Reserves
Selects Tank Busters
Selects Crew Shock Tactics
Veteran Squad Leaders
Panzer IV Assault Group
Emergency Repair Kits
Panzerjäger Squad
Walking Stuka Rocket Launcher
Rapid Advance
Advanced Optics
AI Takeover
Husar
Goding
99Frankenland99
青春永驻2021
Deliveranz
Father
insane_28
saypal
0
0
Comments
sign in to comment!
No comments posted yet!